Map: Celestial Enclave LE

Players

NomaD - Winner!

  • Race: Terran Terran
  • League: Gold
  • Spawn Location: 7:00

Sindyr

  • Race: Zerg Zerg
  • League: Gold
  • Spawn Location: 1:00

VOD

Have the link to the VOD?

Description

Time

  • Played on: Dec. 27, 2025, 5:14 p.m.
  • Length: 6:34
Show
View Real Time Build Order
Export as new Build Order

NomaD Terran - Winner!

Build Orders:  

Get SALT Encoding   

  12  0:00  SCV  
  13  0:12  SCV  
  14  0:17  Supply Depot  
  14  0:24  SCV  
  15  0:39  SCV  
  15  0:40  Barracks  
  16  0:44  Refinery  
  16  0:51  SCV  
  17  1:01  Barracks  
  17  1:03  SCV  
  18  1:15  SCV  
  19  1:20  Barracks  
  19  1:27  SCV  
  19  1:30  Barracks Reactor  
  20  1:39  SCV  
  21  1:48  Barracks Tech Lab  
  21  1:53  Orbital Command  
  21  1:55  Refinery  
  21  2:03  Supply Depot  
  21  2:09  Barracks Tech Lab  
  21  2:17  Supply Depot  
  21  2:21  Stimpack  
  21  2:25  Marine x2  
  21  2:27  Marine  
  24  2:38  SCV  
  24  2:40  Marine, Supply Depot  
  26  2:44  Marine  
  26  2:47  Marine  
  26  2:51  Marine  
  28  2:57  Marine  
  30  3:02  Marine  
  30  3:05  Marine  
  32  3:09  Supply Depot, Marine  
  33  3:12  Combat Shield  
  33  3:17  Marine  
  33  3:19  Marine  
  34  3:23  Marine  
  34  3:27  Marine  
  36  3:28  SCV  
  38  3:34  Supply Depot, Marine  
  38  3:38  Marine  
  38  3:40  Marine  
  41  4:02  Command Center, Marine  
  42  4:03  Marine  
  42  4:05  Marine  
  42  4:07  Marine  
  45  4:11  SCV  
  45  4:15  Supply Depot  
  46  4:23  Marine, SCV  
  48  4:24  Marine  
  48  4:27  Marine  
  48  4:29  Marine  
  51  4:41  Marine  
  51  4:42  Marine  
  51  4:44  Marine  
  54  4:46  SCV  
  55  4:59  Marine x2  
  57  5:00  Marine  
  57  5:02  Marine  
  59  5:10  SCV  
  59  5:14  Factory  
  60  5:20  Refinery  
  60  5:22  SCV  
  60  5:25  Orbital Command  
  61  5:34  SCV  
  62  5:46  SCV  
  52  6:07  Command Center  
  52  6:10  SCV x2  
  54  6:22  SCV x2  
Show
View Real Time Build Order
Export as new Build Order

Sindyr Zerg 

Build Orders: Hatch First 

Get SALT Encoding   

  12  0:02  Drone  
  13  0:13  Overlord  
  13  0:25  Drone  
  14  0:33  Drone x2  
  16  0:51  Hatchery  
  16  0:55  Drone  
  16  0:56  Drone  
  17  1:17  Spawning Pool, Drone  
  17  1:18  Extractor, Drone  
  17  1:21  Drone  
  18  1:32  Drone  
  19  1:46  Overlord  
  19  2:04  Queen x2  
  23  2:10  Drone x3  
  26  2:17  Metabolic Boost  
  26  2:34  Roach Warren  
  25  2:40  Queen  
  27  2:55  Zergling x12, Extractor  
  32  3:04  Lair  
  32  3:08  Drone  
  32  3:10  Drone  
  34  3:16  Overlord  
  34  3:34  Drone x6  
  36  3:37  Drone  
  41  3:53  Extractor  
  40  4:05  Glial Reconstitution  
  40  4:06  Hatchery  
  40  4:07  Roach  
  40  4:08  Roach  
  43  4:11  Overlord  
  43  4:26  Evolution Chamber  
  43  4:28  Drone x2  
  43  4:30  Drone x2  
  42  4:53  Roach  
  42  4:54  Roach x5  
  53  5:00  Overlord x2  
  53  5:09  Spine Crawler  
  53  5:13  Spine Crawler  
  51  5:27  Drone x3  
  54  5:29  Spore Crawler  
  54  5:30  Spore Crawler, Drone  
  54  5:31  Spore Crawler  
  49  5:47  Roach x3  
  49  5:49  Roach  
  51  5:52  Zergling x2  
  51  5:54  Zergling x2  
  43  6:04  Zergling x4  
  43  6:05  Zergling x4  
  43  6:07  Zergling x2  
  43  6:09  Zergling x2  
  49  6:14  Zergling x2  
  49  6:15  Zergling x2  
Tags
 
League
GoldGold
Matchup
TvZ
Replay Pack
Multiplayer
Spawn Locations
Cross Positions
Add a new tag
Caveats
  • Supply blocks, unpowered buildings, or Contaminate may cause inaccurate times.
  • Supply counts are checked every 10 seconds.